 Dungeon Crawl Stone Soup version 0.24.0-123-gd5b16e6ec5 (webtiles) character file.

Game seed: 14598720978621728083, levelgen mode: deterministic

83799 Peloso the Peltast (level 15, 0/137 HPs)
             Began as a Minotaur Fighter on Dec 25, 2019.
             Was the Champion of Okawaru.
             Slain by a catoblepas (2 damage)
             ... while petrified by you
             ... on level 6 of the Lair of Beasts.
             The game lasted 01:09:46 (27285 turns).

Peloso the Peltast (Minotaur Fighter)              Turns: 27285, Time: 01:09:46

Health: 0/137      AC: 22    Str: 26    XL:     15   Next: 33%
Magic:  15/15      EV:  2    Int:  2    God:    Okawaru [******]
Gold:   1903       SH:  0    Dex: 11    Spells: 14/14 levels left

rFire    + . .     SeeInvis .   b - +4 scimitar (flame)
rCold    + + +     Gourm    .   c - +0 shield
rNeg     + + +     Faith    .   X - +3 plate armour {rF+}
rPois    ∞         Spirit   .   (helmet restricted)
rElec    .         Reflect  .   S - scarf {repulsion}
rCorr    .         Harm     .   (no gloves)
MR       +....                  J - +1 pair of boots {Stlth+}
Stlth    ..........             N - amulet "Nomium" {Acrobat +Fly rC++ Int-3 Stlth+}
HPRegen  0.32/turn              K - ring of protection from fire
MPRegen  0.14/turn              Y - ring of ice

@: petrified, repel missiles
A: retaliatory headbutt, horns 2
a: Heroism, Finesse, Renounce Religion, Evoke Flight


You were on level 6 of the Lair of Beasts.
You worshipped Okawaru.
Okawaru was exalted by your worship.
You were not hungry.

You visited 4 branches of the dungeon, and saw 22 of its levels.
You also visited: Ice Cave and Volcano.

You collected 2064 gold pieces.
You spent 161 gold pieces at shops.

Inventory:

Hand Weapons
 a - a +4 vampiric demon blade
 b - a +4 scimitar of flaming (weapon)
Armour
 c - a +0 shield (worn)
 D - +0 fire dragon scales
 J - a +1 pair of boots of stealth (worn)
 S - a scarf of repulsion (worn)
 X - a +3 plate armour of fire resistance (worn)
Jewellery
 z - the amulet "Efuut" {Spirit rF+ Str+2}
   (You found it on level 2 of the Lair of Beasts)

   [amulet of guardian spirit]

   It causes incoming damage to be split between your health and magic.
   It affects your strength (+2).
   It protects you from fire.
 K - a ring of protection from fire (left hand)
 N - the amulet "Nomium" (around neck) {Acrobat +Fly rC++ Int-3 Stlth+}
   (You found it on level 12 of the Dungeon)

   [amulet of the acrobat]

   It helps you evade while moving and waiting.
   It affects your intelligence (-3).
   It greatly protects you from cold.
   It lets you fly.
   It makes you more stealthy.
 R - an uncursed amulet of the acrobat
 Y - a ring of ice (right hand)
Wands
 n - a wand of enslavement (7)
 q - a wand of acid (13)
 E - a wand of iceblast (26)
 F - a wand of flame (22)
 Q - a wand of paralysis (13)
 U - a wand of polymorph (9)
 V - a wand of digging (4)
Scrolls
 g - 12 scrolls of remove curse
 j - 4 scrolls of acquirement
 l - 2 scrolls of noise
 m - 5 scrolls of identify
 o - 4 scrolls of enchant armour
 p - 2 scrolls of blinking
 r - a scroll of enchant weapon
 t - 2 scrolls of fear
 v - a scroll of magic mapping
 x - 8 scrolls of teleportation
 y - a scroll of holy word
 B - 2 scrolls of fog
 M - a scroll of summoning
 O - a scroll of amnesia
Potions
 d - 3 potions of might
 i - 2 potions of resistance
 k - 2 potions of ambrosia
 s - 5 potions of curing
 u - a potion of agility
 w - 3 potions of flight
 A - 2 potions of magic
 H - a potion of berserk rage
 P - a potion of heal wounds
 T - a potion of invisibility
Miscellaneous
 e - a sack of spiders
 C - a phial of floods
 G - a phial of floods
 I - a box of beasts
Comestibles
 f - 53 rations


   Skills:
 + Level 13.6 Fighting
 + Level 16.6 Long Blades
   Level 3.1 Maces & Flails
 + Level 15.1 Armour
 + Level 3.6 Dodging
 + Level 2.8 Stealth
 + Level 17.3 Shields
 + Level 1.9 Invocations
 + Level 0.6 Evocations


You had 14 spell levels left.
You didn't know any spells.
Your spell library contained the following spells:

 Spells                   Type           Power        Failure   Level  Hunger
 Corona                   Hex            #......      99%         1    ##.....
 Magic Dart               Conj           #...         99%         1    ##.....
 Blink                    Tloc           N/A          100%        2    ###....
 Call Imp                 Summ           #.......     100%        2    ###....
 Corpse Rot               Necr           N/A          100%        2    ###....
 Ensorcelled Hibernation  Hex/Ice        #.....       100%        2    ###....
 Poisonous Vapours        Pois/Air       #.....       100%        2    ###....
 Searing Ray              Conj           #.....       100%        2    ###....
 Slow                     Hex            #.......     100%        2    ###....
 Sublimation of Blood     Necr           #.........   100%        2    ###....
 Swiftness                Chrm/Air       #.......     100%        2    ###....
 Confuse                  Hex            #.......     100%        3    ####...
 Conjure Flame            Conj/Fire      #.......     100%        3    ####...
 Dazzling Spray           Conj/Hex       #.....       100%        3    ####...
 Gell's Gravitas          Tloc           #.........   100%        3    ####...
 Mephitic Cloud           Conj/Pois/Air  #.......     100%        3    ####...
 Portal Projectile        Hex/Tloc       #.....       100%        3    ####...
 Recall                   Summ/Tloc      N/A          100%        3    ####...
 Stone Arrow              Conj/Erth      #.....       100%        3    ####...
 Tukima's Dance           Hex            #.......     100%        3    ####...
 Animate Dead             Necr           N/A          100%        4    #####..
 Force Lance              Conj/Tloc      #.......     100%        4    #####..
 Fulminant Prism          Conj/Hex       #.........   100%        4    #####..
 Ice Form                 Ice/Tmut       #.......     100%        4    #####..
 Iskenderun's Mystic Bla  Conj           #.......     100%        4    #####..
 Petrify                  Tmut/Erth      #.......     100%        4    #####..
 Agony                    Necr           #.......     100%        5    ######.
 Aura of Abjuration       Summ           #.........   100%        5    ######.
 Bolt of Draining         Conj/Necr      #.........   100%        5    ######.
 Borgnjor's Vile Clutch   Necr/Erth      #.........   100%        5    ######.
 Dispel Undead            Necr           #.......     100%        5    ######.
 Excruciating Wounds      Chrm/Necr      #.........   100%        5    ######.
 Irradiate                Conj/Tmut      #.........   100%        5    ######.
 Metabolic Englaciation   Hex/Ice        #.........   100%        5    ######.
 Summon Demon             Summ           #.........   100%        5    ######.
 Summon Forest            Summ/Tloc      #.........   100%        5    ######.
 Summon Mana Viper        Hex/Summ       #.......     100%        5    ######.
 Bolt of Cold             Conj/Ice       #.........   100%        6    #######
 Death Channel            Necr           #.........   100%        6    #######
 Deflect Missiles         Chrm/Air       #.........   100%        6    #######
 Dispersal                Tloc           #.........   100%        6    #######
 Freezing Cloud           Conj/Ice/Air   #.........   100%        6    #######
 Hydra Form               Tmut           #.........   100%        6    #######
 Ozocubu's Refrigeration  Ice            #.........   100%        6    #######
 Shadow Creatures         Summ           N/A          100%        6    #######
 Simulacrum               Ice/Necr       #.........   100%        6    #######
 Statue Form              Tmut/Erth      #........    100%        6    #######
 Dragon Form              Tmut           #.........   100%        7    #######
 Ring of Flames           Chrm/Fire      #.........   100%        7    #######
 Controlled Blink         Tloc           N/A          100%        8    #######
 Disjunction              Tloc           #.........   100%        8    #######


Dungeon Overview and Level Annotations

Branches:
Dungeon (13/15)            Temple (1/1) D:4            Lair (6/6) D:10
 Shoals (0/4) Lair:2        Snake (0/4) Lair:2        Slime (0/5) Lair:5
    Orc (2/2) D:11            Elf (0/3) Orc:2         IceCv (visited)
Volcano (visited)
 Vaults: D:13-14

Altars:
Ashenzari
Cheibriados
Dithmenos
Elyvilon
Fedhas
Gozag
Hepliaklqana
Kikubaaqudgha
Makhleb
Nemelex Xobeh
Okawaru
Qazlal
Ru
Sif Muna
Trog
Uskayaw
Vehumet
Wu Jian
Xom
Yredelemnul
Zin
The Shining One
Beogh
Jiyva

Shops:
D:4 !   D:8 [   Orc:2 ?[}((

Annotations:
D:8 1 runed translucent door
D:13 exclusion: orange crystal statue


Innate Abilities, Weirdness & Mutations

You reflexively headbutt those who attack you in melee.
You have a pair of horns on your head.


Message History

* * * LOW HITPOINT WARNING * * *
You are engulfed in calcifying dust.
The catoblepas gores you but does no damage.
The death yak barely misses you.
You are engulfed in calcifying dust.
The catoblepas breathes a plume of calcifying dust at you.
The blast of calcifying dust hits you but does no damage.
The death yak gores you but does no damage.
You are engulfed in calcifying dust.
The catoblepas gores you!!
* * * LOW HITPOINT WARNING * * *
The death yak gores you!
* * * LOW HITPOINT WARNING * * *
You are engulfed in calcifying dust.
The catoblepas gores you!
* * * LOW HITPOINT WARNING * * *
The death yak gores you but does no damage.
You are engulfed in calcifying dust.
The catoblepas gores you!!
* * * LOW HITPOINT WARNING * * *
The death yak barely misses you.
You are engulfed in calcifying dust.
The catoblepas gores you.
You die...

#.÷..#,8,8,,,****,
#...##,,,,,,,,**,,
#...#,,,,,,,,,**,,
#..##,8,,8,,8,,*,,
##..#,,,,*,8,,,***,
#...#,..#*,,,,,*,,,
#..P#,..##**.8,*,,,
#.P.#,...#,T.,,*,,,
#P@P#,...#..8,**,,,
##YY##Y....÷.,*,,,,
##TY#YY....#**,,,*
##Y#÷...#**,,,,,*
*#...÷.#*,,,,,,**
#P....##,,,,,,**
#.P......,,,***
##..P#####*** #.###


You could see 3 death yaks, a catoblepas and a deep troll shaman.

Vanquished Creatures
  Gastronok (Lair:2)
  A frost giant (IceCv)
  2 entropy weavers (Lair:5)
  A dire elephant (Lair:2)
  An ettin (D:12)
  A fire dragon (D:12)
  A yaktaur captain (D:12)
  Erolcha (Orc:2)
  4 hydras
  A catoblepas (D:12)
  2 centaur warriors
  3 two-headed ogres
  The ghost of Descartes the Covert, a journeyman SpWz of Gozag (Lair:3)
  A satyr (shapeshifter) (D:12)
  A queen ant (Lair:5)
  2 death yaks (Lair:6)
  2 orc high priests
  Sonja (Lair:5)
  Pikel (D:6)
  2 lindwurms
  11 orc sorcerers (Orc:2)
  An oklob plant (Orc:2)
  2 manticores
  2 ugly things (D:11)
  2 cyclopes
  20 elephants
  3 centaur zombies
  5 molten gargoyles
  6 black mambas
  2 toenail golems (Volcano)
  Joseph (D:7)
  A gargoyle (D:11)
  An ice statue (IceCv)
  6 spiny frogs
  A centaur skeleton (D:10)
  4 rime drakes
  4 komodo dragons
  2 efreet (Volcano)
  2 ice devils (Lair:6)
  5 trolls
  A queen bee (Lair:3)
  10 blink frogs
  3 hornets
  Prince Ribbit (Lair:3)
  7 dream sheep (Lair:5)
  22 polar bears
  10 hippogriffs
  4 wyverns
  A shadow (D:13)
  Grum (Lair:1)
  6 fire elementals (Volcano)
  30 yaks
  4 basilisks
  4 wargs
  A hungry ghost (D:7)
  Menkaure (D:7)
  22 soldier ants
  16 water moccasins
  7 porcupines
  22 orc warriors
  An ice beast (D:11)
  A sky beast (D:8)
  A slave (D:7)
  A hornet zombie (D:7)
  A sky beast (shapeshifter) (D:13)
  2 black bears
  2 eyes of draining
  21 ogres
  37 wolves
  5 centaurs
  8 crocodiles
  A big kobold (D:12)
  20 bullfrogs
  An earth elemental (Volcano)
  5 scorpions
  24 killer bees
  3 wights (D:13)
  A howler monkey (D:4)
  An electric eel (Lair:2)
  8 crimson imps
  A bullfrog zombie (D:13)
  A quasit (D:4)
  3 hounds
  A jelly (D:11)
  17 orc priests
  4 iguanas
  32 orc wizards
  38 worker ants
  3 hound skeletons
  A worker ant zombie (D:11)
  4 gnolls (Orc:2)
  21 adders
  4 shadow imps
  2 oozes
  An adder skeleton (D:8)
  6 worms
  3 dart slugs
  4 leopard geckos
  78 orcs
  8 bats
  6 giant cockroaches
  12 goblins
  9 hobgoblins
  20 jackals
  8 quokkas
  3 ball pythons
  3 frilled lizards
  A giant cockroach zombie (D:6)
  13 kobolds
  7 rats
  A butterfly (Lair:4)
  A fire vortex (Volcano)
  2 plants (Lair:3)
746 creatures vanquished.

Vanquished Creatures (others)
  A wolf (IceCv)
  An orc (D:7)
  A quokka (D:7)
  9 fungi
  A plant (Lair:2)
  9 toadstools (Lair:2)
22 creatures vanquished.

Grand Total: 768 creatures vanquished

Notes
Turn   | Place    | Note
-------+----------+-------------------------------------------
     0 | D:1      | Peloso the Minotaur Fighter began the quest for the Orb.
     0 | D:1      | Reached XP level 1. HP: 19/19 MP: 0/0
    58 | D:1      | Reached XP level 2. HP: 25/27 MP: 1/1
   419 | D:1      | Reached skill level 4 in Shields
   553 | D:1      | Reached XP level 3. HP: 32/33 MP: 2/2
  1178 | D:2      | Reached skill level 1 in Dodging
  1702 | D:2      | Reached XP level 4. HP: 40/40 MP: 3/3
  1758 | D:2      | Found a glowing golden altar of the Shining One.
  1769 | D:2      | Found an ancient bone altar of Kikubaaqudgha.
  2343 | D:3      | Found a burning altar of Makhleb.
  2561 | D:3      | Reached XP level 5. HP: 42/47 MP: 4/4
  2678 | D:3      | Reached skill level 5 in Shields
  3450 | D:4      | Reached skill level 5 in Long Blades
  3450 | D:4      | Reached XP level 6. HP: 50/53 MP: 5/5
  3639 | D:4      | Found Qoafy's Distillery.
  3647 | D:4      | Bought a potion of curing for 42 gold pieces
  3647 | D:4      | Bought a potion of degeneration for 14 gold pieces
  3684 | D:4      | Found a staircase to the Ecumenical Temple.
  3731 | Temple   | Entered the Ecumenical Temple
  3781 | Temple   | Became a worshipper of Warmaster Okawaru
  3812 | D:4      | Reached skill level 5 in Armour
  3812 | D:4      | Reached XP level 7. HP: 60/60 MP: 6/6
  3829 | D:4      | Reached skill level 6 in Shields
  4164 | D:5      | Entered Level 5 of the Dungeon
  4213 | D:5      | Reached skill level 1 in Stealth
  4662 | D:5      | Reached skill level 5 in Fighting
  4662 | D:5      | Reached skill level 7 in Shields
  4662 | D:5      | Reached XP level 8. HP: 53/68 MP: 7/7
  4667 | D:5      | Reached * piety under Okawaru
  5390 | D:6      | Found a radiant altar of Vehumet.
  5563 | D:6      | Found a hazy altar of Hepliaklqana.
  5643 | D:6      | Found a shimmering blue altar of Sif Muna.
  5694 | D:7      | Reached ** piety under Okawaru
  5694 | D:7      | Reached skill level 8 in Shields
  6239 | D:7      | Noticed Pikel
  6278 | D:6      | Killed Pikel
  6278 | D:6      | Reached *** piety under Okawaru
  6278 | D:6      | Reached XP level 9. HP: 56/75 MP: 8/8
  6349 | D:7      | Noticed Menkaure
  6355 | D:7      | Killed Menkaure
  6355 | D:7      | Reached skill level 9 in Shields
  6891 | D:7      | Noticed Joseph
  6907 | D:7      | Killed Joseph
  6907 | D:7      | Reached skill level 10 in Long Blades
  7088 | D:8      | Found Aqahurphe's Armour Emporium.
  7132 | D:8      | Found a basalt altar of Yredelemnul.
  7179 | D:8      | Found a runed translucent door.
  7183 | D:8      | Found a runed translucent gate.
  7185 | D:8      | Found a runed translucent gate.
  7188 | D:8      | Found the +9 staff of Olgreb {rPois}
  7191 | D:8      | Found a runed translucent door.
  7210 | D:8      | Found a runed translucent gate.
  7267 | D:8      | Reached **** piety under Okawaru
  7267 | D:8      | Reached skill level 10 in Shields
  7595 | D:8      | Reached XP level 10. HP: 84/84 MP: 9/9
  7796 | D:9      | Found a sacrificial altar of Ru.
  7824 | D:9      | Found a shattered altar of Ashenzari.
  7914 | D:9      | Noticed a +0 hand axe
  7916 | D:9      | Noticed a +0 dagger
  7917 | D:9      | Found a hide-covered altar of Uskayaw.
  8107 | D:9      | Noticed a two-headed ogre
  8116 | D:9      | Killed a two-headed ogre
  8196 | D:9      | Found a stormy altar of Qazlal.
  8198 | D:9      | Found a blossoming altar of Fedhas.
  8424 | D:9      | Found a snail-covered altar of Cheibriados.
  8424 | D:9      | Found a shadowy altar of Dithmenos.
  8444 | D:10     | Entered Level 10 of the Dungeon
  8471 | D:10     | Reached ***** piety under Okawaru
  8471 | D:10     | Reached skill level 1 in Invocations
  8615 | D:10     | HP: 4/84 [orc warrior/+0 dire flail (9)]
  8811 | D:10     | Found a staircase to the Lair.
  9017 | D:10     | Received a gift from Okawaru
  9042 | D:10     | Reached skill level 11 in Shields
  9368 | D:10     | Found a roughly hewn altar of Beogh.
  9733 | D:11     | Noticed a two-headed ogre
  9739 | D:11     | Killed a two-headed ogre
  9739 | D:11     | Reached XP level 11. HP: 70/92 MP: 6/10
  9785 | D:11     | Reached skill level 10 in Armour
 10134 | D:11     | Noticed a white ugly thing
 10146 | D:11     | Killed a white ugly thing
 10149 | D:11     | Received a gift from Okawaru
 10153 | D:11     | Reached skill level 12 in Shields
 10457 | D:11     | Noticed a purple ugly thing
 10473 | D:11     | Killed a purple ugly thing
 10655 | D:11     | Found a staircase to the Orcish Mines.
 11218 | Lair:1   | Entered Level 1 of the Lair of Beasts
 11723 | Lair:1   | Noticed Grum
 11735 | Lair:1   | Received a gift from Okawaru
 11783 | Lair:1   | Killed Grum
 12495 | Lair:2   | Found a staircase to the Shoals.
 12527 | Lair:2   | Noticed Gastronok
 12584 | Lair:2   | Killed Gastronok
 12584 | Lair:2   | Reached XP level 12. HP: 92/103 MP: 12/12
 12611 | Lair:2   | Reached skill level 13 in Shields
 12663 | Lair:2   | Noticed a four-headed hydra
 12699 | Lair:2   | Killed a four-headed hydra
 12710 | Lair:2   | HP: 1/103 [rime drake/flash freeze (22)]
 12712 | Lair:2   | Reached skill level 1 in Maces & Flails
 12714 | Lair:2   | Received a gift from Okawaru
 12836 | Lair:2   | HP: 5/103 [poisoned by a black mamba]
 13348 | Lair:2   | Found a staircase to the Snake Pit.
 13465 | Lair:2   | Noticed a dire elephant
 13485 | Lair:2   | Found a runed translucent door.
 13549 | Lair:2   | Got a pitted sapphire amulet
 13941 | Lair:2   | Identified the amulet "Efuut" {Spirit rF+ Str+2} (You found
                  | it on level 2 of the Lair of Beasts)
 14014 | Lair:3   | Found a transporter.
 14016 | Lair:3   | Found a transporter.
 14020 | Lair:3   | Noticed Descartes's ghost (journeyman SpWz)
 14337 | Lair:3   | Noticed Prince Ribbit
 14380 | Lair:3   | Killed Prince Ribbit
 14396 | Lair:3   | Received a gift from Okawaru
 14396 | Lair:3   | Reached skill level 14 in Shields
 14399 | Lair:3   | Got an ichor-stained quarterstaff {god gift}
 15045 | Lair:4   | Identified the +1 quarterstaff of Tumult {antimagic, rPois
                  | Int+4} (Okawaru gifted it to you on level 3 of the Lair of
                  | Beasts)
 15050 | Lair:4   | Identified a scroll of acquirement
 15203 | Lair:4   | Reached XP level 13. HP: 112/112 MP: 11/13
 15284 | Lair:4   | Reached ****** piety under Okawaru
 15833 | D:12     | Reached skill level 10 in Fighting
 15843 | D:12     | Received a gift from Okawaru
 15915 | D:12     | Noticed a fire dragon
 16379 | D:12     | Found a runed translucent door.
 16380 | D:12     | Noticed an ettin
 16402 | D:12     | Killed a fire dragon
 16935 | D:13     | Reached skill level 15 in Long Blades
 16984 | D:13     | Found a runed translucent door.
 17416 | Orc:1    | Entered Level 1 of the Orcish Mines
 17494 | Orc:1    | Reached skill level 15 in Shields
 17538 | Orc:1    | Found a dark tunnel.
 17586 | Volcano  | Entered a volcano
 18280 | Volcano  | Received a gift from Okawaru
 18849 | Orc:1    | Found a roughly hewn altar of Beogh.
 19441 | Orc:2    | Entered Level 2 of the Orcish Mines
 19687 | Orc:2    | Found a staircase to the Elven Halls.
 19832 | Orc:2    | Found Ylidodwa's Antique Weapon Boutique.
 20322 | Orc:2    | Reached XP level 14. HP: 108/125 MP: 12/14
 20863 | Orc:2    | Found Marota Sefow's Antique Weapon Shop.
 20896 | Orc:2    | Found a radiant altar of Vehumet.
 20896 | Orc:2    | Noticed Erolcha
 21225 | Orc:2    | Killed Erolcha
 21256 | Orc:2    | Found a roughly hewn altar of Beogh.
 21256 | Orc:2    | Found Ycarroy's Gadget Boutique.
 21269 | Orc:2    | Found Ducwuowup's Antique Armour Shop.
 21370 | Orc:2    | Found an ancient bone altar of Kikubaaqudgha.
 21386 | Orc:2    | Found Otrinyta's Magic Scroll Boutique.
 21394 | Orc:2    | Bought a scroll of enchant weapon for 105 gold pieces
 21613 | D:12     | Noticed an emperor scorpion
 21613 | D:12     | a fire dragon changed into an emperor scorpion
 22246 | D:9      | Found a shimmering altar of Xom.
 22433 | D:12     | Noticed an azure jelly
 22443 | D:12     | Noticed an emperor scorpion
 22463 | D:12     | Noticed an entropy weaver
 22463 | D:12     | a five-headed hydra changed into an entropy weaver
 22474 | D:12     | Noticed an emperor scorpion
 22474 | D:12     | an entropy weaver changed into an emperor scorpion
 22482 | D:12     | Noticed an entropy weaver
 22482 | D:12     | an emperor scorpion changed into an entropy weaver
 22486 | D:12     | an entropy weaver changed into a satyr
 22493 | D:12     | Received a gift from Okawaru
 22509 | D:12     | Got a steaming steel amulet
 22511 | D:12     | Identified the amulet "Nomium" {Acrobat +Fly rC++ Int-3
                  | Stlth+} (You found it on level 12 of the Dungeon)
 23436 | Lair:2   | Got a slimy zirconium amulet
 23438 | Lair:2   | Identified the amulet of Qiticvar {Inacc Stlth+} (You found
                  | it on level 2 of the Lair of Beasts)
 23445 | Lair:2   | Identified Sif Muna's Reference Book on Dusty Boosts
 23573 | Lair:3   | Killed Descartes's ghost
 23573 | Lair:3   | Reached skill level 16 in Shields
 23669 | Lair:5   | Noticed an entropy weaver
 23673 | Lair:5   | Noticed an entropy weaver
 24388 | Lair:5   | Killed an entropy weaver
 24905 | Lair:5   | Found a staircase to the Slime Pits.
 24905 | Lair:5   | Found a viscous altar of Jiyva.
 24925 | Lair:5   | Killed an entropy weaver
 25347 | Lair:5   | Noticed Sonja
 25356 | Lair:5   | Received a gift from Okawaru
 25377 | Lair:5   | Killed Sonja
 26041 | Lair:6   | Entered Level 6 of the Lair of Beasts
 26093 | Lair:6   | Found a frozen archway.
 26109 | IceCv    | Entered an ice cave
 26330 | IceCv    | Reached XP level 15. HP: 126/135 MP: 15/15
 26511 | IceCv    | Noticed a frost giant
 26523 | IceCv    | Killed a frost giant
 26523 | IceCv    | Reached skill level 17 in Shields
 27145 | Lair:6   | Received a gift from Okawaru
 27145 | Lair:6   | Reached skill level 15 in Armour
 27284 | Lair:6   | HP: 1/137 [catoblepas (12)]
 27285 | Lair:6   | Slain by a catoblepas

Levels and vault maps discovered:
D:1:      eino_arrival_cavern_b, layout_basic, dk_noncrumbling_2
D:2:      layout_basic, amethyst_overflow_temple_binary
D:3:      layout_basic, lemuel_crystal_altar, first_ration, st_stairs_8
D:4:      layout_basic, minmay_temple_entry_statues, serial_shops,
          nicolae_shop_statue_plus
D:5:      layout_loops_ring, water_maze_lemuel
D:6:      layout_rooms, marbit_many_paths, old_standard_altar, basic_altar
D:7:      layout_cave_pools, grunt_ogre_cave, uniq_joseph, uniq_pikel,
          uniq_menkaure
D:8:      layout_loops_ring, lemuel_coloured_pillars_altar, serial_shops,
          nicolae_shop_temple_entry_statues_fountains,
          minmay_guarded_unrand_staff_of_olgreb
D:9:      layout_loops_ring, dancing_weapons_uskayaw, lemuel_crystal_altar,
          nicolae_overflow_hidden_temple, cheibrodos_ashenzari_chains
D:10:     layout_basic, david_lair_generic, special_room [special_room_orc]
D:11:     layout_basic, erik_orc_3, kennysheep_potato
D:12:     layout_cave_pools, minmay_hidden_floor
D:13:     layout_roguey, hangedman_decor_slide_cut,
          chequers_serial_rivers_room_a, nicolae_wwwww, minmay_crystal_box
Temple:   compressed_dpeg_triangle_lava_temple
Lair:1:   layout_hall_layers, chequers_serial_rivers_room_a,
          chequers_serial_rivers_room_b, uniq_grum
Lair:2:   gammafunk_lair_enchanted_lake, layout_regular_city,
          minmay_shoals_entry_beasts, minmay_snake_entry_six_corridors,
          uniq_gastronok
Lair:3:   layout_chaotic_city, gammafunk_ghost_hive, grunt_megastairs_3,
          serial_bayou_shore_b, uniq_prince_ribbit2
Lair:4:   layout_hall_layers, lemuel_fruit_fields, infiniplex_staircase_pool_2
Lair:5:   layout_cave_pods, slime_altar_1, zaba_anthell, uniq_sonja
Lair:6:   grunt_lair_end_beastmaster, layout_regular_city,
          portal_ice_cave_demonic_guard, grunt_megastairs_2
Orc:1:    layout_caves, basic_altar, nicolae_volcano_entry_vermiform,
          nicolae_orc_bridge_out
Orc:2:    kennysheep_orc_mage_school, layout_diamond_mine, serial_shops,
          nicolae_shop_crystal, mines3_lemuel

Skill      XL: |  1  2  3  4  5  6  7  8  9 10 11 12 13 14 15 |
---------------+----------------------------------------------+-----
Fighting       | 4 5 6 7 8 9 11 13 | 13.6
Shields        | 4 5 7 8 10 11 12 14 15 16 17 | 17.3
Armour         | 4 5 7 8 9 11 12 13 14 15 | 15.1
Long Blades    | 3 5 7 9 10 12 13 14 15 16 | 16.6
Dodging        | 1 2 3 |  3.6
Stealth        | 1 2 |  2.8
Invocations    | 1 |  1.9
Maces & Flails | 3 |  3.1
Evocations     | |  0.6

Action                   |  1- 3 |  4- 6 |  7- 9 | 10-12 | 13-15 || total
-------------------------+-------+-------+-------+-------+-------++-------
Melee: Long sword        |   102 |   181 |   356 |   221 |       ||   860
       Headbutt          |    14 |    29 |    81 |   195 |   354 ||   673
       Falchion          |       |       |       |   251 |       ||   251
       Demon blade       |       |       |       |   414 |   850 ||  1264
       Whip              |       |       |       |    10 |       ||    10
       Scimitar          |       |       |       |       |   589 ||   589
Invok: Heroism           |       |       |     4 |    10 |     6 ||    20
Evoke: Wand              |       |       |     1 |       |     8 ||     9
  Use: Potion            |     2 |     2 |       |     5 |     4 ||    13
       Scroll            |       |       |     7 |    12 |    16 ||    35
 Stab: Paralysed         |       |       |     3 |       |       ||     3
       Petrified         |       |       |       |       |     1 ||     1
  Eat: Chunk             |     2 |     4 |    13 |    25 |    29 ||    73
       Ration            |       |     1 |       |       |     3 ||     4
Armor: Scale mail        |    74 |       |       |       |       ||    74
       Plate armour      |    10 |   104 |   227 |   347 |   448 ||  1136
Dodge: Dodged            |    51 |    34 |    93 |   184 |   346 ||   708
Block: Shield            |    72 |   116 |   221 |   517 |   892 ||  1818
       Rpst.: Long sword |     9 |    11 |    25 |     6 |       ||    51
       Falchion          |       |       |     1 |    13 |       ||    14
       Demon blade       |       |       |       |    20 |    53 ||    73
       Scimitar          |       |       |       |       |    25 ||    25
